 Dungeon Crawl Stone Soup version 0.29.1-15-g9cfb28693d (webtiles) character file.

Game seed: 14605250297091075525

1507 raph the Spear-Bearer (level 8, -5/58 (61) HPs)
             Began as a Merfolk Gladiator on Mar 30, 2023.
             Was an Initiate of Gozag.
             Slain by a wight
             ... wielding a +0 long sword
              (11 damage)
             ... on level 6 of the Dungeon.
             The game lasted 00:07:11 (6878 turns).

raph the Spear-Bearer (Merfolk Gladiator)           Turns: 6878, Time: 00:07:11

HP:   -5/58 (61)    AC:  4    Str: 14    XL:     8   Next: 82%
MP:   8/8           EV: 15    Int:  8    God:    Gozag
Gold: 32            SH:  0    Dex: 17    Spells: 7/7 levels left

rFire   . . .      SeeInvis .   r - +2 glaive (flame)
rCold   . . .      Faith    .   (shield currently unavailable)
rNeg    . . .      Spirit   .   b - +0 leather armour
rPois   .          Reflect  .   c - +0 helmet
rElec   .          Harm     .   (no cloak)
rCorr   .          Rampage  .   (no gloves)
Will    .....                   (no boots)
Stlth   +.........              (no amulet)
HPRegen 0.19/turn               j - +4 ring of slaying
MPRegen 0.11/turn               (no ring)

@: lightly drained
A: (nimble swimmer 2), mertail
a: Renounce Religion, Potion Petition, Call Merchant, Bribe Branch


You were on level 6 of the Dungeon.
You worshipped Gozag.
Gozag was noncommittal.
You visited 2 branches of the dungeon, and saw 7 of its levels.

You collected 590 gold pieces.
You spent 517 gold pieces at shops.
You paid 41 gold pieces to Gozag.

Inventory:

Hand Weapons
 a - a +2 trident
 r - a +2 glaive of flaming (weapon)
Missiles
 d - a throwing net (quivered)
 e - a javelin
Armour
 b - a +0 leather armour (worn)
 c - a +0 helmet (worn)
 g - a +0 buckler
Jewellery
 j - a +4 ring of slaying (left hand)
Scrolls
 i - 3 scrolls of identify
 k - a scroll of fear
 l - a scroll of vulnerability
 o - a scroll of amnesia
Potions
 f - 2 potions of heal wounds
 h - 3 potions of curing
 m - 2 potions of attraction
 n - 2 potions of flight
 p - a potion of might
 q - a potion of invisibility


   Skills:
 + Level 4.5 Fighting
 + Level 12.6 Polearms
 - Level 2.0 Throwing
 + Level 6.3 Dodging


You had 7 spell levels left.
You didn't know any spells.
Your spell library contained the following spells:

 Spells                   Type           Power      Damage    Failure   Level
 Portal Projectile        Hex/Tloc       0%         N/A       86%         3
 Tukima's Dance           Hex            0%         N/A       86%         3
 Blade Hands              Tmut           0%         N/A       100%        5


Dungeon Overview and Level Annotations

Branches:
Dungeon (6/15)             Temple (1/1) D:4

Altars:
Ashenzari
Dithmenos
Elyvilon
Fedhas
Gozag
Hepliaklqana
Kikubaaqudgha
Makhleb
Nemelex Xobeh
Qazlal
Ru
Trog
Uskayaw
Vehumet
Wu Jian
Xom
Yredelemnul
Zin
The Shining One

Shops:
D:5 (!

Annotations:
D:2 Terence
D:5 3 runed translucent doors, NimIero's ghost, novice DsIE


Innate Abilities, Weirdness & Mutations

((You are very nimble when in or above water. (Stealth+, EV+, Speed+++)))
Your lower body shifts to a powerful aquatic tail in water.


Message History

You barely miss the wight.
The wight is moderately damaged.
The wight closely misses you. The wight hits you with a +3 hand axe.
You barely miss the wight.
The wight is moderately damaged.
The wight hits you with a +0 long sword!
The wight misses you.
You slash the wight! You burn the wight.
The wight is almost destroyed.
The wight misses you. The wight closely misses you.
You barely miss the wight.
The wight is almost destroyed.
The wight barely misses you. The wight hits you with a +3 hand axe!
You are too injured to fight recklessly!
You are too injured to fight recklessly!
You are too injured to fight recklessly!
You are too injured to fight recklessly!
You are too injured to fight recklessly!
You are too injured to fight recklessly!
You are too injured to fight recklessly!
You slash the wight! You burn the wight.
The wight is almost destroyed.
The wight is distracted by your dazzling golden aura.
The wight hits you with a +3 hand axe.
You feel drained. The wight attacks as you move away! The wight misses you.
The wight attacks as you move away! The wight hits you with a +3 hand axe!
* * * LOW HITPOINT WARNING * * *
You feel drained.
* * * LOW HITPOINT WARNING * * *
The wight is no longer distracted by gold.
You are too injured to fight recklessly!
You hit the wight but do no damage.
The wight is almost destroyed.
The wight hits you with a +0 long sword!
* * * LOW HITPOINT WARNING * * *
You barely miss the wight.
The wight is almost destroyed.
The wight hits you with a +0 long sword!
You die...
Your body crumbles into a pile of gold.

#.##.##..##.#.....#
#....##.....#.# #...
#.#####...h...# #...
#.#####..sz##.###.)#
#.......#.## .....###
#....####h# .....# #
####.####y### #.#.##.#
###.##..z..######......#
##.#.##$....#<).@zz..####
#.#..##c.>..#.####.....#
.###.##ys...#.####...#.#
#.#.###.S...#.##.....#.#
##.## #######.##.#..## #
#.# #.......##.#..##.#
#.# #.#####..........#
#.# #.# #.##.####### #.#
#.# #....#


You could see 2 wights.

Vanquished Creatures
  A wyvern (D:6)
  An ice beast (D:6)
  2 black bears (D:5)
  A centaur (D:6)
  A phantom (D:6)
  5 scorpions
  A wight (D:6)
  3 hounds
  2 orc priests
  2 jellies
  2 iguanas (D:5)
  Natasha (twice) (D:4)
  2 orc wizards
  6 gnolls
  6 adders
  A river rat (D:4)
  3 worms
  3 dart slugs
  14 orcs
  8 ball pythons
  3 bats
  3 endoplasms
  5 giant cockroaches
  7 goblins
  7 hobgoblins
  2 jackals (D:2)
  6 kobolds
  7 quokkas
  3 frilled lizards
  A rat (D:2)
110 creatures vanquished.

Vanquished Creatures (others)
  A plant (D:5)
1 creature vanquished.

Grand Total: 111 creatures vanquished

Notes
Turn   | Place    | Note
-------+----------+-------------------------------------------
     0 | D:1      | raph the Merfolk Gladiator began the quest for the Orb.
     0 | D:1      | Reached XP level 1. HP: 16/16 MP: 1/1
   169 | D:1      | Reached XP level 2. HP: 22/22 MP: 2/2
   345 | D:1      | Reached skill level 5 in Polearms
   363 | D:1      | Found a faded altar of an unknown god.
   952 | D:2      | Found a broken altar of Ashenzari.
   963 | D:2      | Reached XP level 3. HP: 27/27 MP: 3/3
  1087 | D:2      | Reached skill level 6 in Polearms
  1216 | D:2      | Noticed Terence
  1435 | D:2      | Reached XP level 4. HP: 32/33 MP: 4/4
  2098 | D:3      | Reached skill level 7 in Polearms
  2115 | D:3      | Found a shadowy altar of Dithmenos.
  2556 | D:4      | Noticed Natasha
  2815 | D:4      | Found a staircase to the Ecumenical Temple.
  2823 | D:4      | Reached XP level 5. HP: 4/38 MP: 5/5
  2827 | Temple   | Entered the Ecumenical Temple
  3253 | Temple   | Became a worshipper of Gozag Ym Sagoz the Greedy
  3437 | D:4      | Reached skill level 8 in Polearms
  3651 | D:4      | Reached XP level 6. HP: 20/44 MP: 6/6
  3881 | D:4      | Killed Natasha
  3885 | D:4      | Reached skill level 9 in Polearms
  4564 | D:4      | Noticed Natasha
  4571 | D:4      | Killed Natasha
  4583 | D:5      | Entered Level 5 of the Dungeon
  4813 | D:5      | Found Fyuragga's Distillery.
  4817 | D:5      | Reached skill level 10 in Polearms
  4817 | D:5      | Reached XP level 7. HP: 50/50 MP: 7/7
  4824 | D:5      | Bought a potion of might for 56 gold pieces
  4824 | D:5      | Bought a potion of invisibility for 112 gold pieces
  4824 | D:5      | Bought a potion of flight for 42 gold pieces
  4824 | D:5      | Bought a potion of degeneration for 14 gold pieces
  4824 | D:5      | Bought a potion of might for 56 gold pieces
  4904 | D:5      | Found a runed translucent gate.
  4904 | D:5      | Found a runed translucent gate.
  4904 | D:5      | Found a runed translucent gate.
  4907 | D:5      | Noticed NimIero's ghost (novice DsIE)
  4936 | D:5      | Found Nisydi's Hydra Hut.
  5034 | D:5      | Noticed a seven-headed hydra
  5088 | D:5      | Reached skill level 11 in Polearms
  6034 | D:6      | Reached XP level 8. HP: 39/57 MP: 8/8
  6286 | D:6      | Reached skill level 12 in Polearms
  6389 | D:6      | Reached skill level 5 in Dodging
  6482 | D:6      | Noticed a wyvern
  6492 | D:6      | Killed a wyvern
  6802 | D:5      | Bought a +2 glaive of flaming for 237 gold pieces
  6878 | D:6      | Slain by a wight

Illustrated notes

Levels and vault maps discovered:
D:1:      spicycebolla_arrival_risky_transporter, layout_basic,
          ebering_ecumenical_altar_webs
D:2:      minmay_chambers_of_ones, layout_basic, basic_altar, uniq_terence
D:3:      layout_basic, mainiacjoe_overflow_concentric_impassable, minivault_24,
          chequers_serial_rivers_micro_a
D:4:      layout_loops_ring, minmay_temple_entry_proselytizer,
          gup_sewer_entry_bubbles, uniq_natasha
D:5:      layout_basic, biasface_ghost_orc_armoury, serial_shops, shop,
          doesnt_shop_hydraphobe
D:6:      layout_loops_cross
Temple:   nicolae_temple_bog_church

Skill      XL: |  1  2  3  4  5  6  7  8 |
---------------+-------------------------+-----
Polearms       | 5 6 7 8 10 11 12 | 12.6
Fighting       | 4 |  4.5
Dodging        | 6 |  6.3
Throwing       | |  2.0

Action                   |  1- 3 |  4- 6 |  7- 9 || total
-------------------------+-------+-------+-------++-------
Melee: Trident           |    74 |   149 |   111 ||   334
       Punch             |     1 |       |       ||     1
       Tailslap          |       |     3 |       ||     3
       Glaive            |       |       |    13 ||    13
Throw: Throwing net      |       |       |     3 ||     3
  Use: Scroll            |       |    12 |     1 ||    13
       Potion            |       |       |     3 ||     3
 Stab: Sleeping          |     3 |     1 |     2 ||     6
       Distracted        |       |     2 |       ||     2
       Held in net/web   |       |       |     1 ||     1
Armor: Leather armour    |    12 |    10 |    22 ||    44
Dodge: Dodged            |    28 |    51 |    78 ||   157
Block: Buckler           |       |    13 |    20 ||    33
